 Dungeon Crawl Stone Soup version 0.30-b1-2-g02819fbbbe (webtiles) character file.

Game seed: 9338666805061069423

117152 Fartwhistle the Skirmisher (level 16, -3/128 HPs)
             Began as a Gnoll Hunter on Sept 15, 2023.
             Was a High Priest of the Shining One.
             Slain by a fire giant
             ... wielding a +1 great sword of flaming
              (10 damage)
             ... on level 15 of the Dungeon on Sept 16, 2023.
             The game lasted 01:07:05 (23628 turns).

Fartwhistle the Skirmisher (Gnoll Hunter)          Turns: 23628, Time: 01:07:06

Health: -3/128     AC: 21    Str: 16    XL:     16   Next: 73%
Magic:  19/31      EV: 26    Int: 13    God:    the Shining One [*****.]
Gold:   3827       SH:  0    Dex: 25    Spells: 19/38 levels left

rFire   + + .        x - +11 quarterstaff of Resourcefulness {freeze, rPois Int+3 Dex+3}
rCold   + . .        (shield currently unavailable)
rNeg    + + .        c - +4 chain mail {Will+}
rPois   +            j - +0 helmet
rElec   +            s - +0 cloak
rCorr   .            z - +1 pair of gloves
SInv    .            (no boots)
Will    ++...        l - amulet of the Cicada {Fragile rElec rF++ rC+ Regen+}
Stlth   ++           k - ring "Domept" {EV+5 Str+2 Dex+3 Stlth+}
HPRegen 1.21/turn    K - +5 ring of evasion
MPRegen 0.22/turn

%: no passive effects
@: glowing, studying Long Blades
A: fangs 1, strong nose, distributed training
a: Renounce Religion, Divine Shield, Cleansing Flame, Summon Divine Warrior


You were on level 15 of the Dungeon.
You worshipped the Shining One.
The Shining One was extremely pleased with you.
You visited 4 branches of the dungeon, and saw 23 of its levels.
You visited the Abyss 1 time.
You also visited: Sewer and Ossuary.

You collected 4181 gold pieces.
You spent 354 gold pieces at shops.

Inventory:

Hand Weapons
 a - a +4 arbalest of freezing
 x - the +11 quarterstaff of Resourcefulness (weapon) {freeze, rPois Int+3 Dex+3}
   (You found it on level 4 of the Dungeon)

   Int:       It affects your intelligence (+3).
   Dex:       It affects your dexterity (+3).
   rPois:     It protects you from poison.
Missiles
 q - 41 poisoned darts
 v - a throwing net
Armour
 c - a +4 chain mail of willpower (worn)
 f - a +0 ring mail
 j - a +0 helmet (worn)
 s - a +0 cloak (worn)
 z - a +1 pair of gloves (worn)
Jewellery
 k - the ring "Domept" (left hand) {EV+5 Str+2 Dex+3 Stlth+}
   (You took it off a yaktaur captain on level 15 of the Dungeon)

   [ring of evasion]

   EV:        It affects your evasion (+5).
   Str:       It affects your strength (+2).
   Dex:       It affects your dexterity (+3).
   Stlth:     It makes you more stealthy.
 l - the amulet of the Cicada (around neck) {Fragile rElec rF++ rC+ Regen+}
   (You acquired it on level 5 of the Dungeon)

   [amulet of regeneration]

   rF:        It greatly protects you from fire.
   rC:        It protects you from cold.
   rElec:     It insulates you from electricity.
   Regen:     It increases your rate of health regeneration.
   Fragile:   It will be destroyed if unequipped.
 F - a +6 ring of intelligence
 I - a ring of ice
 K - a +5 ring of evasion (right hand)
 T - a ring of wizardry
 V - a ring of resist corrosion
Wands
 m - a wand of charming (21)
 B - a wand of flame (14)
 C - a wand of roots (15)
 R - a wand of mindburst (4)
 X - a wand of acid (4)
Scrolls
 b - 3 scrolls of immolation
 e - 6 scrolls of fog
 g - 4 scrolls of vulnerability
 i - 8 scrolls of teleportation
 o - 4 scrolls of silence
 p - 6 scrolls of magic mapping
 t - 3 scrolls of poison
 u - 4 scrolls of brand weapon
 w - 4 scrolls of amnesia
 y - 2 scrolls of blinking {unknown}
 G - 3 scrolls of enchant armour
 N - 2 scrolls of fear {unknown}
 Q - 3 scrolls of noise
 U - 2 scrolls of torment {unknown}
Potions
 d - 3 potions of lignification
 h - 2 potions of haste
 n - 6 potions of curing
 r - 3 potions of might
 A - 6 potions of brilliance
 D - 4 potions of mutation
 H - a potion of resistance {unknown}
 L - 3 potions of flight {unknown}
 M - 4 potions of cancellation {unknown}
 O - 2 potions of invisibility {unknown}
 P - 2 potions of degeneration {unknown}
 S - 9 potions of attraction {unknown}
 W - 3 potions of berserk rage {unknown}


   Skills:
 + Level 12.3 Fighting
 + Level 11.5 Short Blades
 + Level 12.0 Long Blades
 + Level 11.5 Axes
 + Level 11.5 Maces & Flails
 + Level 11.5 Polearms
 + Level 11.5 Staves
 + Level 14.1 Ranged Weapons
 + Level 11.5 Throwing
 + Level 11.5 Armour
 + Level 12.3 Dodging
 + Level 11.7 Stealth
 + Level 11.5 Shields
 + Level 11.5 Unarmed Combat
 + Level 11.5 Spellcasting
 + Level 9.7 Conjurations
 + Level 9.7 Hexes
 + Level 9.7 Summonings
 + Level 9.7 Necromancy
 + Level 9.7 Translocations
 + Level 9.7 Transmutations
 + Level 9.7 Fire Magic
 + Level 9.7 Ice Magic
 + Level 9.7 Air Magic
 + Level 9.7 Earth Magic
 + Level 9.7 Poison Magic
 + Level 12.5 Invocations
 + Level 11.5 Evocations


You had 19 spell levels left.
You knew the following spells:

 Your Spells              Type           Power      Damage    Failure   Level
a - Mephitic Cloud        Conj/Pois/Air  32%        N/A       3%          3
b - Ozocubu's Armour      Ice            32%        N/A       3%          3
c - Summon Lightning Spi  Summ/Air       32%        N/A       13%         4
d - Summon Forest         Summ/Tloc      16%        N/A       34%         5
e - Cause Fear            Hex            16%        N/A       13%         4

Your spell library contained the following spells:

 Spells                   Type           Power      Damage    Failure   Level
 Beastly Appendage        Tmut           64%        N/A       1%          1
 Magic Dart               Conj           100%       1d8       1%          1
 Summon Small Mammal      Summ           100%       N/A       1%          1
 Call Imp                 Summ           64%        N/A       1%          2
 Cigotuvi's Dreadful Rot  Necr/Pois/Air  64%        N/A       1%          2
 Ensorcelled Hibernation  Hex/Ice        64%        N/A       1%          2
 Lesser Beckoning         Tloc           64%        N/A       1%          2
 Passwall                 Tmut/Erth      26%        N/A       1%          2
 Static Discharge         Conj/Air       64%        2-5/arc   1%          2
 Wereblood                Tmut           32%        N/A       1%          2
 Call Canine Familiar     Summ           32%        N/A       3%          3
 Gell's Gravitas          Tloc           32%        N/A       3%          3
 Ignite Poison            Fire/Tmut/Pois 32%        N/A       3%          3
 Spider Form              Tmut/Pois      32%        N/A       3%          3
 Summon Guardian Golem    Hex/Summ       32%        N/A       3%          3
 Swiftness                Air            32%        N/A       3%          3
 Teleport Other           Tloc           32%        N/A       3%          3
 Airstrike                Air            16%        2d(3-19)  13%         4
 Fulminant Prism          Conj/Hex       16%        3d10      13%         4
 Leda's Liquefaction      Hex/Erth       16%        N/A       13%         4
 Sticky Flame             Conj/Fire      32%        2d5       13%         4
 Lee's Rapid Deconstruct  Erth           16%        3d10*     34%         5
 Metabolic Englaciation   Hex/Ice        16%        N/A       34%         5
 Conjure Ball Lightning   Conj/Air       16%        3x3d6     89%         6
 Eringya's Noxious Bog    Tmut/Pois      16%        N/A       89%         6
 Simulacrum               Ice/Necr       16%        N/A       89%         6
 Statue Form              Tmut/Erth      21%        N/A       89%         6
 Dragon Form              Tmut           16%        N/A       100%        7
 Ozocubu's Refrigeration  Ice            16%        4d11      100%        7
 Summon Hydra             Summ           16%        N/A       100%        7
 Discord                  Hex            16%        N/A       100%        8
 Disjunction              Tloc           16%        N/A       100%        8
 Ignition                 Fire           16%        3d6       100%        8
 Dragon's Call            Summ           16%        N/A       100%        9


Dungeon Overview and Level Annotations

Branches:
Dungeon (15/15)            Temple (1/1) D:5            Lair (5/5) D:8
 Shoals (0/4) Lair:2        Snake (0/4) Lair:3        Slime (0/5) Lair:4
    Orc (2/2) D:11            Elf (0/3) Orc:2        Vaults (0/5) D:14
 Depths (0/4) D:15          Sewer (visited)         Ossuary (visited)

Altars:
Ashenzari
Cheibriados
Dithmenos
Elyvilon
Fedhas
Gozag
Hepliaklqana
Kikubaaqudgha
Makhleb
Nemelex Xobeh
Okawaru
Qazlal
Ru
Sif Muna
Trog
Uskayaw
Vehumet
Wu Jian
Xom
Yredelemnul
Zin
The Shining One
Jiyva

Shops:
D:13 ?!   Orc:2 [:[=(

Annotations:
D:6 1 runed translucent door, Nobody9999's ghost, novice HuBe
Orc:1 3 runed translucent doors, Cydwomaopn's ghost, journeyman DsNe


Innate Abilities, Weirdness & Mutations

You have very sharp teeth.
Your uncanny sense of smell can sniff out nearby items.
Your experience applies equally to all skills.


Message History

Unknown command.
You thump the fire giant! You freeze the fire giant!
You bite the fire giant, but do no damage.
The fire giant is severely wounded.
Unknown command.
You hit the fire giant. You freeze the fire giant.
The fire giant is almost dead.
The fire giant completely misses you.
The fire giant hits you with a +1 great sword of flaming!!
* * * LOW HITPOINT WARNING * * *
The fire giant burns you.
* * * LOW HITPOINT WARNING * * *
Your daeva hits the fire giant with a +2 eudemon blade of holy wrath!!
Your daeva hits the fire giant with a +2 eudemon blade of holy wrath!
You sock the fire giant! You freeze the fire giant.
The fire giant is almost dead.
The fire giant hits you but does no damage.
Something hits your daeva!
The fire giant hits you with a +1 great sword of flaming!!
* * * LOW HITPOINT WARNING * * *
The fire giant burns you.
* * * LOW HITPOINT WARNING * * *
Your daeva hits the fire giant but does no damage.
Your daeva hits the fire giant with a +2 eudemon blade of holy wrath!
Okay, then.
Activating: Cleansing Flame (1% risk of failure)
Press: ? - help, Dir - look around, f - activate The golden flame engulfs you but does no damage.
You resist.
The golden flame engulfs the fire giant!!
You kill the fire giant!
The golden flame engulfs the fire giant!!
The fire giant is almost dead.
The golden flame engulfs your daeva.
Your daeva completely resists.
Your daeva is moderately wounded.
You hear a shout!
Something misses your daeva.
The fire giant hits you with a +1 great sword of flaming!
You die...

#)##.##...##...............###...
))...........J........####.##.###
####.#########.#####..###....## #
..... ∆ ##.# ∆#...)).#..# #### .#
...# #^.###....## # # #
#A.###....).....### #.##.
#.A##............† ∆...#
##C....####.....## #..###@)##..#
#....... #.)#..###..# ##......#
∆#...#..#..# #.......# . ∆
##.##..#..# #...<...# ####.##
####.#####.. #.......# #..
..#####...#...##.. #......##
#.###....##.)##...##.# #.#......
#.#.#.##.#...#.....#.# #.##.####
......[#.#...###...#.# #.##.#


You could see a fire giant (ally target) and a friendly daeva (summoned).

Vanquished Creatures
  A profane servitor (Abyss:2)
  2 tentacled starspawn (Abyss:2)
  A fire giant (D:15)
  Roxanne (D:15)
  A stone giant (D:11)
  Azrael (D:14)
  A yellow draconian (Abyss:2)
  An ettin (Orc:1)
  2 yaktaur captains
  Josephine (D:14)
  6 hydras
  4 ogre magi
  4 centaur warriors
  7 boulder beetles
  3 catoblepae (Lair:5)
  12 death yaks (Lair:5)
  15 two-headed ogres
  A thrashing horror (Abyss:2)
  A vampire mage (D:15)
  Nergalle (Lair:3)
  A skeletal warrior (D:15)
  A sixfirhy (Abyss:2)
  2 skysharks
  A death drake (shapeshifter) (D:15)
  An orb spider (Abyss:2)
  A tengu zombie (D:15)
  A wizard (D:14)
  2 harpies (Lair:2)
  5 deep elf pyromancers
  A wolf spider (D:15)
  A necromancer (D:15)
  2 orc knights
  A fire giant zombie (D:15)
  An orc sorcerer (Orc:1)
  21 cyclopes
  7 ugly things
  5 manticores
  9 elephants (Lair:5)
  Maurice (Orc:2)
  A black mamba (shapeshifter) (D:13)
  An apocalypse crab (Abyss:2)
  16 cane toads
  An efreet (D:15)
  3 rime drakes
  4 komodo dragons
  3 yaktaurs
  A spriggan skeleton (D:15)
  3 ancient zymes (Abyss:2)
  A guardian mummy (D:15)
  4 polar bears
  2 trolls (Orc:2)
  A hornet (D:7)
  3 blink frogs (Lair:4)
  Grinder (D:5)
  9 slime creatures
  4 wyverns
  2 shadows (D:9)
  A fire elemental (D:14)
  60 yaks
  2 steam dragons
  5 wraiths
  5 large abominations (Abyss:2)
  4 hogs (Lair:5)
  A chaos spawn (Abyss:2)
  Grum (D:8)
  14 basilisks
  Menkaure (D:5)
  10 vampire mosquitoes
  9 wargs
  4 acid dragons
  3 nagas (Lair:3)
  13 water moccasins
  7 hell hounds
  2 nameless horrors
  5 small abominations (Abyss:2)
  A human skeleton (D:15)
  4 ice beasts
  3 sky beasts
  2 black bears
  Pargi (Sewer)
  18 orc warriors
  A swamp drake (Lair:5)
  19 ogres
  19 wolves
  10 centaurs
  2 phantoms
  3 kobold brigands
  A gnoll sergeant (D:9)
  An elf zombie (Ossuary)
  2 scorpions
  11 bullfrogs
  A wight (D:8)
  A hornet simulacrum (D:15)
  3 killer bees
  3 howler monkeys
  2 electric eels
  A centaur zombie (Ossuary)
  3 lava snakes (D:7)
  4 jellies
  A human zombie (Ossuary)
  An iron imp (Abyss:2)
  13 orc priests
  5 hounds
  2 gnoll boudas
  A sleepcap (D:6)
  6 iguanas
  13 orc wizards
  5 hound zombies (Ossuary)
  3 mummies (Ossuary)
  11 gnolls
  2 river rats (D:5)
  9 adders
  4 white imps
  3 ufetubi
  3 adder zombies (Ossuary)
  2 worms (D:3)
  3 dart slugs
  73 orcs
  12 ball pythons
  8 endoplasms
  A giant cockroach (D:4)
  2 goblins (D:4)
  10 hobgoblins
  19 kobolds
  5 quokkas
  6 bats
  5 frilled lizards
  2 gnoll zombies (Ossuary)
  6 goblin zombies (Ossuary)
  4 hobgoblin zombies (Ossuary)
  4 jackal zombies (Ossuary)
  A kobold zombie (Ossuary)
  2 orc zombies (Ossuary)
  3 quokka zombies (Ossuary)
  8 rats
  2 rat zombies (Ossuary)
  2 starspawn tentacles (Abyss:2)
715 creatures vanquished.

Vanquished Creatures (collateral kills)
  A tentacled starspawn (Abyss:2)
  Agnes (D:14)
  Kirke (Lair:5)
  An orc warlord (D:11)
  A blizzard demon (Abyss:2)
  A boulder beetle (D:14)
  An orc high priest (Orc:1)
  A two-headed ogre (Orc:1)
  A sixfirhy (Abyss:2)
  A cyclops (Orc:1)
  A smoke demon (Abyss:2)
  A hellwing (Abyss:2)
  2 hogs (Lair:5)
  A small abomination (Abyss:2)
  A centaur (D:15)
  4 ogres (Orc:1)
  An orc wizard (Orc:1)
  4 orcs (Orc:1)
25 creatures vanquished.

Vanquished Creatures (others)
  A tengu warrior (D:15)
  17 fungi
  60 plants
  A snaplasher vine (Orc:1)
  5 starspawn tentacles (Abyss:2)
  6 withered plants (D:15)
90 creatures vanquished.

Grand Total: 830 creatures vanquished

Notes
Turn   | Place    | Note
-------+----------+-------------------------------------------
     0 | D:1      | Fartwhistle the Gnoll Hunter began the quest for the Orb.
     0 | D:1      | Reached XP level 1. HP: 20/20 MP: 1/1
   164 | D:1      | Reached XP level 2. HP: 26/26 MP: 2/2
   678 | D:2      | Found a faded altar of an unknown god.
   694 | D:2      | Found a stormy altar of Qazlal.
   717 | D:2      | Reached XP level 3. HP: 31/31 MP: 2/4
   764 | D:2      | Reached skill level 1 in Invocations
   908 | D:2      | Reached skill level 1 in Short Blades
   908 | D:2      | Reached skill level 1 in Long Blades
   908 | D:2      | Reached skill level 1 in Axes
   908 | D:2      | Reached skill level 1 in Maces & Flails
   908 | D:2      | Reached skill level 1 in Polearms
   908 | D:2      | Reached skill level 1 in Staves
   908 | D:2      | Reached skill level 1 in Throwing
   908 | D:2      | Reached skill level 1 in Armour
   908 | D:2      | Reached skill level 1 in Shields
   908 | D:2      | Reached skill level 1 in Unarmed Combat
   908 | D:2      | Reached skill level 1 in Spellcasting
   908 | D:2      | Reached skill level 1 in Evocations
   980 | D:2      | Reached XP level 4. HP: 38/38 MP: 5/5
  1134 | D:1      | Reached skill level 1 in Conjurations
  1134 | D:1      | Reached skill level 1 in Hexes
  1134 | D:1      | Reached skill level 1 in Summonings
  1134 | D:1      | Reached skill level 1 in Necromancy
  1134 | D:1      | Reached skill level 1 in Translocations
  1134 | D:1      | Reached skill level 1 in Transmutations
  1134 | D:1      | Reached skill level 1 in Fire Magic
  1134 | D:1      | Reached skill level 1 in Ice Magic
  1134 | D:1      | Reached skill level 1 in Air Magic
  1134 | D:1      | Reached skill level 1 in Earth Magic
  1134 | D:1      | Reached skill level 1 in Poison Magic
  1852 | D:3      | Reached XP level 5. HP: 43/43 MP: 7/7
  3003 | D:4      | Reached XP level 6. HP: 50/50 MP: 8/8
  3048 | D:4      | Reached skill level 5 in Fighting
  3048 | D:4      | Reached skill level 5 in Dodging
  3265 | D:4      | Identified the +11 quarterstaff of Resourcefulness {freeze,
                  | rPois Int+3 Dex+3}
  3749 | D:5      | Entered Level 5 of the Dungeon
  3751 | D:5      | Noticed Menkaure
  3754 | D:5      | Identified 3 scrolls of acquirement
  3754 | D:5      | Acquired a +1 arbalest of freezing
  3756 | D:5      | Acquired 848 gold pieces
  3758 | D:5      | Acquired the amulet of the Cicada {Fragile rElec rF++ rC+
                  | Regen+}
  3771 | D:5      | Killed Menkaure
  3772 | D:5      | Reached XP level 7. HP: 53/56 MP: 10/10
  3816 | D:5      | Found a sand-covered staircase.
  3824 | Ossuary  | Entered an ossuary
  3873 | Ossuary  | Reached skill level 9 in Ranged Weapons
  4201 | D:5      | Reached XP level 8. HP: 63/63 MP: 12/12
  4221 | D:5      | Found a glowing drain.
  4237 | Sewer    | Entered a sewer
  4261 | Sewer    | Noticed Pargi
  4265 | Sewer    | Killed Pargi
  4674 | D:5      | Found a staircase to the Ecumenical Temple.
  4683 | Temple   | Entered the Ecumenical Temple
  4863 | Temple   | Became a worshipper of the Shining One
  5135 | D:5      | Noticed Grinder
  5156 | D:5      | Killed Grinder
  5357 | D:6      | Noticed Nobody9999's ghost (novice HuBe)
  5357 | D:6      | Found a runed translucent door.
  5427 | D:6      | Found an opulent altar of Gozag.
  5561 | D:6      | Reached XP level 9. HP: 66/69 MP: 14/14
  5822 | D:6      | Reached skill level 5 in Stealth
  6149 | D:7      | Reached skill level 5 in Invocations
  6166 | D:7      | Found an iron altar of Okawaru.
  6177 | D:7      | Found a stormy altar of Qazlal.
  6178 | D:7      | Noticed a hornet
  6184 | D:7      | Paralysed by a hornet for 3 turns
  6192 | D:7      | Killed a hornet
  6362 | D:7      | Identified the +6 scale mail "Unyask" {rElec rPois Will-}
  6615 | D:7      | Reached * piety under the Shining One
  6889 | D:7      | Reached skill level 5 in Short Blades
  6889 | D:7      | Reached skill level 5 in Long Blades
  6889 | D:7      | Reached skill level 5 in Axes
  6889 | D:7      | Reached skill level 5 in Maces & Flails
  6889 | D:7      | Reached skill level 5 in Polearms
  6889 | D:7      | Reached skill level 5 in Staves
  6889 | D:7      | Reached skill level 5 in Throwing
  6889 | D:7      | Reached skill level 5 in Armour
  6889 | D:7      | Reached skill level 5 in Shields
  6889 | D:7      | Reached skill level 5 in Unarmed Combat
  6889 | D:7      | Reached skill level 5 in Spellcasting
  6889 | D:7      | Reached skill level 5 in Evocations
  6889 | D:7      | Reached XP level 10. HP: 70/77 MP: 17/17
  6928 | D:7      | Learned a level 3 spell: Mephitic Cloud
  6980 | D:8      | Reached skill level 10 in Ranged Weapons
  7323 | D:8      | Noticed Grum
  7337 | D:8      | Killed Grum
  7659 | D:8      | Reached skill level 5 in Conjurations
  7659 | D:8      | Reached skill level 5 in Hexes
  7659 | D:8      | Reached skill level 5 in Summonings
  7659 | D:8      | Reached skill level 5 in Necromancy
  7659 | D:8      | Reached skill level 5 in Translocations
  7659 | D:8      | Reached skill level 5 in Transmutations
  7659 | D:8      | Reached skill level 5 in Fire Magic
  7659 | D:8      | Reached skill level 5 in Ice Magic
  7659 | D:8      | Reached skill level 5 in Air Magic
  7659 | D:8      | Reached skill level 5 in Earth Magic
  7659 | D:8      | Reached skill level 5 in Poison Magic
  7663 | D:8      | Got the Spellbook of Fetching Thunder
  7784 | D:8      | Reached XP level 11. HP: 79/85 MP: 20/20
  7877 | D:8      | Learned a level 3 spell: Ozocubu's Armour
  8006 | D:8      | Found a staircase to the Lair.
  8440 | D:9      | Reached ** piety under the Shining One
  8793 | D:9      | Found a snail-covered altar of Cheibriados.
  8793 | D:9      | Noticed a boulder beetle
  8842 | D:9      | Killed a boulder beetle
  9041 | D:10     | Entered Level 10 of the Dungeon
  9250 | D:10     | Noticed a two-headed ogre
  9256 | D:10     | Killed a two-headed ogre
  9665 | D:11     | Reached skill level 11 in Ranged Weapons
  9805 | D:11     | Reached XP level 12. HP: 84/94 MP: 22/22
 10064 | D:11     | Found a staircase to the Orcish Mines.
 10591 | D:12     | Reached *** piety under the Shining One
 11163 | D:12     | Learned a level 4 spell: Summon Lightning Spire
 11518 | D:13     | Noticed a boulder beetle
 11537 | D:13     | Killed a boulder beetle
 11699 | D:13     | Noticed a boulder beetle
 11735 | D:13     | Killed a boulder beetle
 11837 | D:13     | Found Hidwiotun's Magic Scroll Shoppe.
 11845 | D:13     | Bought a scroll of identify for 30 gold pieces
 11845 | D:13     | Bought a scroll of identify for 30 gold pieces
 11845 | D:13     | Bought a scroll of identify for 30 gold pieces
 11845 | D:13     | Bought 2 scrolls of teleportation for 90 gold pieces
 11845 | D:13     | Bought a scroll of identify for 30 gold pieces
 11868 | D:13     | Found Nas Yl Zim's Assorted Antiques.
 11976 | D:13     | Noticed a centaur warrior
 11989 | D:13     | Killed a centaur warrior
 12056 | D:13     | Found Kumum's Distillery.
 12067 | D:13     | Bought a potion of heal wounds for 90 gold pieces
 12067 | D:13     | Bought a potion of curing for 54 gold pieces
 12073 | D:13     | Identified the +2 flail "Ozeunly" {flame, rElec rPois rF+}
 12175 | D:13     | Found a viscous altar of Jiyva.
 12658 | Lair:1   | Entered Level 1 of the Lair of Beasts
 12904 | Lair:1   | Reached XP level 13. HP: 101/101 MP: 25/25
 12989 | Lair:1   | Acquired 936 gold pieces
 13727 | Lair:2   | Found a staircase to the Shoals.
 14225 | Lair:3   | Reached skill level 12 in Ranged Weapons
 14226 | Lair:3   | Reached **** piety under the Shining One
 14229 | Lair:3   | Noticed Nergalle
 14439 | Lair:3   | Learned a level 5 spell: Summon Forest
 14576 | Lair:3   | Found a staircase to the Snake Pit.
 15107 | Lair:3   | Killed Nergalle
 15222 | Lair:4   | Reached skill level 10 in Fighting
 15222 | Lair:4   | Reached skill level 10 in Dodging
 15384 | Lair:4   | Found a viscous altar of Jiyva.
 15384 | Lair:4   | Found a staircase to the Slime Pits.
 15747 | Lair:5   | Entered Level 5 of the Lair of Beasts
 15921 | Lair:5   | Reached skill level 10 in Invocations
 15921 | Lair:5   | Reached XP level 14. HP: 36/110 MP: 27/27
 16608 | Lair:5   | Noticed Kirke
 16616 | Lair:5   | Killed Kirke
 16774 | Lair:5   | Reached skill level 10 in Stealth
 17762 | Abyss:2  | Found a corrupted altar of Lugonu.
 17762 | Abyss:2  | Cast into level 2 of the Abyss (a wizard)
 17866 | Abyss:2  | Found a corrupted altar of Lugonu.
 17904 | Abyss:2  | Reached ***** piety under the Shining One
 17943 | Abyss:2  | Reached skill level 10 in Short Blades
 17943 | Abyss:2  | Reached skill level 10 in Long Blades
 17943 | Abyss:2  | Reached skill level 10 in Axes
 17943 | Abyss:2  | Reached skill level 10 in Maces & Flails
 17943 | Abyss:2  | Reached skill level 10 in Polearms
 17943 | Abyss:2  | Reached skill level 10 in Staves
 17943 | Abyss:2  | Reached skill level 10 in Throwing
 17943 | Abyss:2  | Reached skill level 10 in Armour
 17943 | Abyss:2  | Reached skill level 10 in Shields
 17943 | Abyss:2  | Reached skill level 10 in Unarmed Combat
 17943 | Abyss:2  | Reached skill level 10 in Spellcasting
 17943 | Abyss:2  | Reached skill level 10 in Evocations
 17944 | Abyss:2  | Noticed a tentacled starspawn
 17954 | Abyss:2  | HP: 2/113 [tentacled starspawn (25)]
 17957 | Abyss:2  | Killed a tentacled starspawn
 17958 | Abyss:2  | Reached skill level 13 in Ranged Weapons
 17964 | Abyss:2  | HP: 2/113 [wretched star/lance of force (17)]
 17964 | Abyss:2  | The Shining One protects you from harm!
 18161 | Abyss:2  | Reached XP level 15. HP: 94/118 MP: 20/20
 18176 | Abyss:2  | Noticed a tentacled starspawn
 18181 | Abyss:2  | Killed a tentacled starspawn
 18219 | Abyss:2  | Noticed a profane servitor
 18233 | Abyss:2  | Killed a profane servitor
 18258 | Abyss:2  | Noticed a tentacled starspawn
 18265 | Abyss:2  | Killed a tentacled starspawn
 18293 | D:14     | Escaped the Abyss
 19024 | D:14     | Noticed Josephine
 19029 | D:14     | Killed Josephine
 19076 | D:14     | Noticed Azrael
 19090 | D:14     | Killed Azrael
 19633 | D:14     | Found a gate to the Vaults.
 19664 | D:14     | Noticed Agnes
 19671 | D:14     | Killed Agnes
 19941 | D:15     | Entered Level 15 of the Dungeon
 20206 | Orc:1    | Entered Level 1 of the Orcish Mines
 20604 | Orc:1    | Found a runed translucent gate.
 20604 | Orc:1    | Found a runed translucent gate.
 20605 | Orc:1    | Found a runed translucent gate.
 20608 | Orc:1    | Noticed Cydwomaopn's ghost (journeyman DsNe)
 21034 | Orc:1    | Noticed an orc warlord
 21089 | Orc:1    | Reached XP level 16. HP: 77/127 MP: 26/30
 21499 | Orc:1    | Found an iron altar of Okawaru.
 21540 | Orc:1    | Found the +8 demon blade "Leech" {evervamp, Harm Drain rN+}
 21545 | Orc:1    | Identified the +4 scimitar "Weograte" {drain, Str+4}
 21549 | Orc:1    | Identified the +1 trident of Light {speed, Dex+3}
 21551 | Orc:1    | Identified the +4 dagger "Demonbane" {pain, Int+3}
 21552 | Orc:1    | Identified the +1 whip of the Extremes {protect, Dex+6}
 21571 | Orc:1    | Identified the +2 flail of the Illusory Violins {venom,
                  | +Blink rCorr MP+9 Int+2}
 21655 | Orc:2    | Entered Level 2 of the Orcish Mines
 21690 | Orc:2    | Found Puwujivayph's Armour Shop.
 21926 | Orc:2    | Found a staircase to the Elven Halls.
 21990 | Orc:2    | Paralysed by an ogre mage for 3 turns
 21992 | Orc:2    | HP: 6/127 [ogre mage/+0 halberd (3)]
 22325 | Orc:2    | Noticed Maurice
 22335 | Orc:2    | Killed Maurice
 22523 | Orc:2    | Found Wefuotu's Armour Emporium.
 22523 | Orc:2    | Found Arecoa's Antique Weapon Shop.
 22524 | Orc:2    | Found Roamal's Book Boutique.
 22524 | Orc:2    | Found Ykkixapa's Jewellery Emporium.
 22651 | Orc:2    | Learned a level 4 spell: Cause Fear
 23022 | D:15     | Reached skill level 14 in Ranged Weapons
 23077 | D:15     | Noticed Roxanne
 23090 | D:15     | Killed Roxanne
 23222 | D:15     | Reached ****** piety under the Shining One
 23304 | D:15     | HP: 4/128 [death drake (shapeshifter)/foul vapour (5)]
 23433 | D:15     | Found a staircase to the Depths.
 23564 | D:15     | Identified the ring "Domept" {EV+5 Str+2 Dex+3 Stlth+}
 23627 | D:15     | HP: 6/128 [fire giant/+1 great sword of flaming (1)]
 23628 | D:15     | Slain by a fire giant

Illustrated notes

Levels and vault maps discovered:
D:1:      amcnicky_arrival_abandoned_market, layout_loops_ring
D:2:      layout_rooms, basic_altar, chequers_ecumenical_altar_simple_redux,
          minmay_tall_x
D:3:      layout_basic, serial_glass, glass_columns_a, glass_columns_c,
          minivault_11
D:4:      layout_loops_ring, chequers_jeans, minmay_misc_feat_secret_circle
D:5:      minmay_evil_eye, layout_loops_corners, minmay_temple_entry_grid,
          nicolae_ossuary_entry_monument, portal_sewer_entry_b, uniq_menkaure,
          uniq_grinder
D:6:      layout_basic, grunt_gozag_statues, gammafunk_ghost_grave
D:7:      layout_basic, mainiacjoe_overflow_catch_the_wave,
          chequers_serial_rivers_small_3, st_stairs_6
D:8:      layout_loops_corners, grunt_lair_entry_orc_guard_hut, kennysheep_dice,
          uniq_grum
D:9:      layout_cross, mainiacjoe_overflow_alcove_2, serial_rivers,
          chequers_serial_rivers_micro_a, chequers_serial_rivers_room_b,
          chequers_serial_rivers_micro_d, chequers_serial_rivers_micro_a,
          chequers_serial_rivers_micro_e, chequers_serial_rivers_marsh
D:10:     layout_rooms
D:11:     layout_long_grid, david_orc_5
D:12:     layout_loops_corners
D:13:     layout_stronghold, serial_shops, shop_statue, nicolae_diamond_shop,
          shop, jiyva_altar_1
D:14:     layout_loops_ring, david_vaults_2, fountainhead, uniq_agnes,
          uniq_josephine, uniq_azrael
D:15:     gammafunk_depths_entry_grave, layout_loops_ring,
          nicolae_elyvilon_temple_path, minmay_the_grid_2x2
          [minmay_the_grid_zigzag_pyramid, minmay_the_grid_small_cups,
          minmay_the_grid_holed_spiral,
          minmay_the_grid_prize_four_corners_diamond_a], uniq_roxanne
Temple:   regret_index_temple_mists
Lair:1:   layout_gridlike, serial_bayou_shore_a, grunt_megastairs_2
Lair:2:   layout_long_grid, nicolae_shoals_entry_roost
Lair:3:   layout_gridlike, guppyfry_snake_entry_garden,
          kennysheep_basilisk_garden, uniq_nergalle
Lair:4:   layout_hall_layers, dpeg_slime_entry_enclosed,
          dreamdust_gnoll_shepherd
Lair:5:   evilmike_catoblepas_cave, layout_regular_city, serial_rivers,
          chequers_serial_rivers_room_a, chequers_serial_rivers_micro_e,
          chequers_serial_rivers_large_a, chequers_serial_rivers_small_3,
          chequers_serial_rivers_micro_e, chequers_serial_rivers_micro_e,
          bh_autumn_forest_stairs, guppyfry_lair_drakes, serial_bayou_shore_b,
          uniq_kirke
Orc:1:    giant_chief_lemuel, layout_caves, gammafunk_ghost_fury_of_okawaru
Orc:2:    st_orc_ogre_mass, layout_diamond_mine, serial_shops, shop,
          uniq_maurice

Skill      XL: |  1  2  3  4  5  6  7  8  9 10 11 12 13 14 15 16 |
---------------+-------------------------------------------------+-----
Invocations    | 1 2 3 4 5 6 7 8 10 11 12 | 12.5
Short Blades   | 1 2 3 5 6 7 8 9 10 11 | 11.5
Long Blades    | 1 2 3 5 6 7 8 9 10 12 | 12.0
Axes           | 1 2 3 5 6 7 8 9 10 11 | 11.5
Maces & Flails | 1 2 3 5 6 7 8 9 10 11 | 11.5
Polearms       | 1 2 3 5 6 7 8 9 10 11 | 11.5
Staves         | 1 2 3 5 6 7 8 9 10 11 | 11.5
Throwing       | 1 2 3 5 6 7 8 9 10 11 | 11.5
Armour         | 1 2 3 5 6 7 8 9 10 11 | 11.5
Shields        | 1 2 3 5 6 7 8 9 10 11 | 11.5
Unarmed Combat | 1 2 3 5 6 7 8 9 10 11 | 11.5
Spellcasting   | 1 2 3 5 6 7 8 9 10 11 | 11.5
Evocations     | 1 2 3 5 6 7 8 9 10 11 | 11.5
Conjurations   | 1 2 3 4 5 6 7 8 9 |  9.7
Hexes          | 1 2 3 4 5 6 7 8 9 |  9.7
Summonings     | 1 2 3 4 5 6 7 8 9 |  9.7
Necromancy     | 1 2 3 4 5 6 7 8 9 |  9.7
Translocations | 1 2 3 4 5 6 7 8 9 |  9.7
Transmutations | 1 2 3 4 5 6 7 8 9 |  9.7
Fire Magic     | 1 2 3 4 5 6 7 8 9 |  9.7
Ice Magic      | 1 2 3 4 5 6 7 8 9 |  9.7
Air Magic      | 1 2 3 4 5 6 7 8 9 |  9.7
Earth Magic    | 1 2 3 4 5 6 7 8 9 |  9.7
Poison Magic   | 1 2 3 4 5 6 7 8 9 |  9.7
Stealth        | 3 4 5 6 7 8 9 10 11 | 11.7
Fighting       | 5 6 7 8 9 10 11 12 | 12.3
Dodging        | 5 6 7 8 9 10 11 12 | 12.3
Ranged Weapons | 9 10 11 12 13 14 | 14.1

Action                     |  1- 3 |  4- 6 |  7- 9 | 10-12 | 13-15 | 16-18 || total
---------------------------+-------+-------+-------+-------+-------+-------++-------
  Melee: Falchion          |       |    33 |       |       |       |       ||    33
         Quarterstaff      |       |     4 |    39 |   138 |   158 |    93 ||   432
         Bite              |       |     2 |     5 |    26 |    39 |    22 ||    94
         Punch             |       |     2 |       |       |       |       ||     2
   Fire: Shortbow          |    51 |   118 |       |       |       |       ||   169
         Arbalest          |       |     4 |   292 |   431 |   832 |   297 ||  1856
   Cast: Summon Lightning  |       |       |       |     2 |     4 |     2 ||     8
         Ozocubu's Armour  |       |       |       |       |     2 |     3 ||     5
         Summon Forest     |       |       |       |       |     3 |     2 ||     5
         Mephitic Cloud    |       |       |       |       |       |     2 ||     2
 Invoke: Cleansing Flame   |       |       |       |     2 |    12 |     4 ||    18
         Summon Divine War |       |       |       |       |     2 |     3 ||     5
  Evoke: Wand              |       |       |       |       |     4 |       ||     4
    Use: Potion            |       |     2 |     3 |       |     5 |     3 ||    13
         Scroll            |       |     3 |     5 |     9 |    11 |       ||    28
   Stab: Sleeping          |       |       |     1 |       |       |       ||     1
 Armour: Ring mail         |     7 |    28 |    75 |       |       |       ||   110
         Skin              |       |    11 |     7 |       |       |       ||    18
         Scale mail        |       |       |    16 |   115 |   242 |       ||   373
         Chain mail        |       |       |       |       |   103 |   118 ||   221
  Dodge: Dodged            |     8 |    64 |   172 |   295 |   806 |   289 ||  1634
